 Dungeon Sprint DCSS version 0.30-b1-2-g02819fbbbe (webtiles) character file.

Game seed: 14085354150270331267

4349 Groucho the Eclecticist (level 10, -32/44 HPs)
             Began as a Spriggan Enchanter on May 3, 2023.
             Was an Elder of Dithmenos.
             Killed from afar by a crystal guardian (52 damage)
             ... with a crystal bolt
             ... in the Dungeon (Sprint II: "The Violet Keep of Menkaure").
             The game lasted 00:08:53 (1273 turns).

Groucho the Eclecticist (Spriggan Enchanter)        Turns: 1273, Time: 00:08:54

Health: -32/44     AC:  2    Str:  8    XL:     10   Next: 12%
Magic:  24/30      EV: 22    Int: 18    God:    Dithmenos [****..]
Gold:   1119       SH:  0    Dex: 15    Spells: 31/39 levels left

rFire   . . .        a - +1 dagger
rCold   . . .        (no shield)
rNeg    . . .        b - +0 robe
rPois   .            (helmet restricted)
rElec   .            (no cloak)
rCorr   .            (gloves unavailable)
SInv    +            (boots unavailable)
Will    +....        (no amulet)
Stlth   +++++++++    (no ring)
HPRegen 0.27/turn    (no ring)
MPRegen 0.22/turn

%: no teleportation
@: wreathed by umbra, very quick
A: very small, no large weapons, unfitting armour, see invisible, speed 3
a: Renounce Religion, Shadow Step


You were in the Dungeon.
You worshipped Dithmenos.
Dithmenos was greatly pleased with you.
You visited 1 branch You collected 1231 gold pieces.
You spent 112 gold pieces at shops.

Inventory:

Hand Weapons
 a - a +1 dagger (weapon)
Armour
 b - a +0 robe (worn)
Scrolls
 i - a scroll of blinking
Potions
 d - 2 potions of curing
 e - a potion of heal wounds
 g - 2 potions of magic
 h - a potion of berserk rage


   Skills:
 - Level 10.0 Short Blades
 * Level 8.7 Ranged Weapons
 + Level 8.9 Dodging
 - Level 15.0 Stealth
 + Level 15.4 Spellcasting
 - Level 14.0 Hexes


You had 31 spell levels left.
You knew the following spells:

 Your Spells              Type           Power      Damage    Failure   Level
a - Ensorcelled Hibernat  Hex/Ice        78%        N/A       1%          2
b - Confusing Touch       Hex            59%        N/A       1%          3
c - Dazzling Flash        Conj/Hex       78%        N/A       1%          3

Your spell library contained the following spells:

 Spells                   Type           Power      Damage    Failure   Level
 Tukima's Dance           Hex            59%        N/A       1%          3


Dungeon Overview and Level Annotations

Branches:
Dungeon (1/1)

Altars:
Cheibriados
Dithmenos
Elyvilon
Fedhas
Gozag
Hepliaklqana
Kikubaaqudgha
Makhleb
Nemelex Xobeh
Okawaru
Qazlal
Ru
Sif Muna
Trog
Uskayaw
Vehumet
Wu Jian
Xom
Yredelemnul
Zin
The Shining One
Jiyva
Lugonu

Shops:
D ?=:*[=!!(!::([[

Annotations:
D exclusion: oklob plant


Innate Abilities, Weirdness & Mutations

You are very small and have problems with some larger weapons.
You are too small for most types of armour.
You have supernaturally acute eyesight. (SInv)
You cover ground extremely quickly. (Speed+++)


Message History

Unknown command.
A death drake and a swamp drake come into view.
A death drake, a crystal guardian and a swamp drake come into view.
Found 3 purple potions.
The helpless swamp drake fails to defend itself.
You spit the swamp drake like a pig!!!!
You kill the swamp drake!
Dithmenos accepts your kill.
The swamp drake roars!
Casting: Ensorcelled Hibernation (safe; 1% risk of failure)
Confirm with . or Enter, or press ? or * to list all spells.
Aiming: Ensorcelled Hibernation (safe; 1% risk of failure)
Press: ? - help, Shift-Dir - straight line, f - swamp drake
Aim: a swamp drake (umbra, chance to affect: 66%)
The swamp drake looks drowsy...
The death drake hisses angrily.
The swamp drake roars!
The swamp drake closely misses you.
Casting: Ensorcelled Hibernation (safe; 1% risk of failure)
Confirm with . or Enter, or press ? or * to list all spells.
Aiming: Ensorcelled Hibernation (safe; 1% risk of failure)
Press: ? - help, Shift-Dir - straight line, f - death drake, p - swamp drake
Aim: a death drake (umbra, chance to affect: 49%)
The crystal guardian is unaffected.
The crystal guardian misses you.
Casting: Ensorcelled Hibernation (safe; 1% risk of failure)
Confirm with . or Enter, or press ? or * to list all spells.
Aiming: Ensorcelled Hibernation (safe; 1% risk of failure)
Press: ? - help, Shift-Dir - straight line, f/p - death drake
Aim: a death drake (umbra, chance to affect: 49%)
The death drake looks drowsy...
The crystal guardian hits you!!
Ouch! That really hurt!
You emit a cloud of dark smoke.
The helpless death drake fails to defend itself.
You perforate the death drake like a sieve!!!!
You kill the death drake!
Dithmenos accepts your kill.
Your shadow now sometimes tangibly mimics your actions.
The crystal guardian fires a crystalline bolt at you.
The crystal bolt freezes you!!!
Ouch! That really hurt!
You die...

##++## ##§§.^### e§§....##
+ ++ ####..^.#!## ...
#.$'....#§k#
#+##..#..####.#9k#
...##.####..'.##@#
.#..#....#.†#.§§####
.#.####..#####§§##)# [!$
#'###.##..#..'..#††#▓=:$((
#.##...#..#..#..#..#▓??[[:
.<.'###'..####..##.#▓?$?)$
#.##...#....###...##▓▓▓▓▓▓
#'###.##......~~~~~~~~~~~~
.#.####~~...§.~#'########+


You could see a death drake, a crystal guardian and a swamp drake.

Vanquished Creatures
  2 boulder beetles (D)
  A death drake (D)
  A merfolk siren (D)
  A yaktaur (D)
  3 polar bears (D)
  A hornet (D)
  3 slime creatures (D)
  2 wyverns (D)
  2 redbacks (D)
  Menkaure (D)
  A swamp drake (D)
  4 necrophages (D)
  4 scorpions (D)
26 creatures vanquished.

Vanquished Creatures (others)
  A water moccasin (D)
1 creature vanquished.

Grand Total: 27 creatures vanquished

Notes
Turn   | Place    | Note
-------+----------+-------------------------------------------
     0 | D        | Groucho the Spriggan Enchanter began the quest for the Orb.
     0 | D        | Reached XP level 1. HP: 9/9 MP: 5/5
     3 | D        | Noticed a merfolk siren
     6 | D        | Noticed a necrophage
     6 | D        | Noticed a necrophage
     6 | D        | Noticed a necrophage
     6 | D        | Noticed a necrophage
    10 | D        | Killed a necrophage
    11 | D        | Reached skill level 5 in Spellcasting
    11 | D        | Reached skill level 5 in Hexes
    11 | D        | Reached XP level 2. HP: 13/13 MP: 6/9
    11 | D        | Reached XP level 3. HP: 16/16 MP: 6/10
    18 | D        | Killed a necrophage
    19 | D        | Reached skill level 5 in Short Blades
    19 | D        | Reached XP level 4. HP: 21/21 MP: 7/13
    20 | D        | Killed a necrophage
    21 | D        | Reached XP level 5. HP: 24/24 MP: 7/15
    23 | D        | Reached skill level 10 in Stealth
    31 | D        | Noticed a boulder beetle
    31 | D        | Noticed a boulder beetle
    38 | D        | Reached XP level 6. HP: 28/28 MP: 9/18
    62 | D        | Killed a boulder beetle
    63 | D        | Reached XP level 7. HP: 32/32 MP: 11/22
    63 | D        | Reached XP level 8. HP: 36/36 MP: 12/24
   342 | D        | Killed a merfolk siren
   343 | D        | Reached skill level 10 in Short Blades
   343 | D        | Reached skill level 15 in Stealth
   348 | D        | Found Foluifecon's Book Shop.
   348 | D        | Found Fepteoh's Distillery.
   348 | D        | Found Enefymn's Antique Armour Shop.
   348 | D        | Found Ycruf's Book Boutique.
   348 | D        | Found Onnix's Antique Weapon Boutique.
   349 | D        | Found Jidirieb's Weapon Boutique.
   349 | D        | Found Devaovu's Distillery.
   349 | D        | Found Maobbapu's Antique Armour Boutique.
   350 | D        | Found Qaxtody's Distillery.
   350 | D        | Found Qeuzul's Jewellery Boutique.
   350 | D        | Noticed a shining eye
   352 | D        | Found Xaoprino's Antique Armour Boutique.
   352 | D        | Found Gixkadir's Assorted Antiques.
   352 | D        | Noticed Menkaure
   352 | D        | Noticed a shining eye
   352 | D        | Noticed a shining eye
   352 | D        | Noticed an oklob plant
   359 | D        | Learned a level 2 spell: Ensorcelled Hibernation
   363 | D        | Learned a level 3 spell: Confusing Touch
   367 | D        | Learned a level 3 spell: Dazzling Flash
   386 | D        | Killed a boulder beetle
   387 | D        | Reached XP level 9. HP: 20/39 MP: 16/27
   726 | D        | Killed Menkaure
   728 | D        | Found Axkoa's Jewellery Shop.
   728 | D        | Found Curocit's Book Shoppe.
   728 | D        | Found Saphom's Magic Scroll Boutique.
   729 | D        | Noticed a cane toad
   761 | D        | Noticed a cane toad
   827 | D        | Found a hazy altar of Hepliaklqana.
   827 | D        | Found a snail-covered altar of Cheibriados.
   828 | D        | Found a stormy altar of Qazlal.
   828 | D        | Found a viscous altar of Jiyva.
   828 | D        | Found a shadowy altar of Dithmenos.
   829 | D        | Found a sacrificial altar of Ru.
   829 | D        | Found an ancient bone altar of Kikubaaqudgha.
   829 | D        | Found a white marble altar of Elyvilon.
   831 | D        | Found an ornate altar of the Wu Jian Council.
   831 | D        | Found a shimmering blue altar of Sif Muna.
   831 | D        | Found a corrupted altar of Lugonu.
   862 | D        | Bought a potion of invisibility for 112 gold pieces
   903 | D        | Found a shimmering altar of Xom.
   903 | D        | Found a bloodstained altar of Trog.
   903 | D        | Found a burning altar of Makhleb.
   904 | D        | Found a glowing golden altar of the Shining One.
   904 | D        | Found a basalt altar of Yredelemnul.
   904 | D        | Found a hide-covered altar of Uskayaw.
   906 | D        | Found a glowing silver altar of Zin.
   906 | D        | Found a radiant altar of Vehumet.
   906 | D        | Found a blossoming altar of Fedhas.
   906 | D        | Found a sparkling altar of Nemelex Xobeh.
   906 | D        | Noticed a polar bear
   907 | D        | Found an opulent altar of Gozag.
   907 | D        | Found an iron altar of Okawaru.
   907 | D        | Noticed a yaktaur
   912 | D        | Became a worshipper of Dithmenos the Shadowed
   924 | D        | Noticed a polar bear
   924 | D        | Noticed a polar bear
   925 | D        | Killed a polar bear
   926 | D        | Killed a polar bear
   927 | D        | Reached skill level 5 in Dodging
   928 | D        | Killed a polar bear
   928 | D        | Reached * piety under Dithmenos
   929 | D        | Reached skill level 5 in Ranged Weapons
   931 | D        | Killed a yaktaur
   945 | D        | Reached ** piety under Dithmenos
   962 | D        | Reached skill level 15 in Spellcasting
   970 | D        | Noticed a deep elf master archer
   978 | D        | Reached *** piety under Dithmenos
   979 | D        | Reached XP level 10. HP: 23/44 MP: 25/30
  1267 | D        | Noticed a death drake
  1268 | D        | Noticed a death drake
  1268 | D        | Noticed a crystal guardian
  1273 | D        | Killed a death drake
  1273 | D        | Reached **** piety under Dithmenos
  1273 | D        | Killed from afar by a crystal guardian

Illustrated notes

Levels and vault maps discovered:
D:        the_violet_keep_of_menkaure [sprint2_stairs_cluster_1,
          sprint2_shoproom, sprint2_temple, sprint2_basic_supplies,
          sprint2_obstacle_7, sprint2_obstacle_5, sprint2_obstacle_1,
          sprint2_obstacle_4, sprint2_obstacle_2, sprint2_timed_cluster_1,
          sprint2_smallroom_cluster_1, sprint2_smallroom_final_cluster_1,
          sprint2_transparent_cluster_1, sprint2_second_timed_cluster_1,
          sprint2_sniper_area_1, sprint2_heavy_combat_area_1,
          sprint2_mutation_trap_area_1, sprint2_forest_area_1,
          sprint2_light_combat_area_1, sprint2_behind_water_1,
          sprint2_near_end_vault_1]

Skill      XL: |  1  2  3  4  5  6  7  8  9 10 |
---------------+-------------------------------+-----
Short Blades   | 4 5 6 7 9 10 | 10.0
Stealth        | 7 8 9 11 14 15 | 15.0
Spellcasting   | 5 6 7 8 11 13 15 | 15.4
Hexes          | 5 6 7 8 11 13 14 | 14.0
Ranged Weapons | 7 8 |  8.7
Dodging        | 8 |  8.9

Action                     |  1- 3 |  4- 6 |  7- 9 | 10-12 || total
---------------------------+-------+-------+-------+-------++-------
  Melee: Dagger            |     9 |    13 |    39 |     4 ||    65
         Punch             |       |     1 |     1 |       ||     2
   Cast: Ensorcelled Hiber |       |       |     6 |     4 ||    10
         Confusing Touch   |       |       |     2 |       ||     2
    Use: Potion            |     2 |       |     2 |       ||     4
   Stab: Invisible         |     3 |     1 |     5 |       ||     9
         Sleeping          |     1 |     6 |    11 |     4 ||    22
         Confused          |       |       |     1 |       ||     1
 Armour: Robe              |       |     1 |       |       ||     1
  Dodge: Dodged            |     3 |     2 |     6 |     2 ||    13
